 Dungeon Crawl Stone Soup version 0.29-a0-732-g3d7fbe0af2 (webtiles) character file.

Game seed: 2689828005169697239

50887 purpskrrrp the Markskobold (level 14, -11/95 (99) HPs)
             Began as a Kobold Hunter on June 30, 2022.
             Was the Champion of Dithmenos.
             Killed from afar by an orc sorcerer (30 damage)
             ... with a bolt of fire
             ... led by an orc high priest
             ... while paralysed by an orc sorcerer
             ... on level 1 of the Elven Halls.
             The game lasted 03:01:02 (30578 turns).

purpskrrrp the Markskobold (Kobold Hunter)         Turns: 30578, Time: 03:01:03

HP:   -11/95 (99)   AC: 19    Str:  8    XL:     14   Next: 99%
MP:   14/14         EV:  3    Int: 14    God:    Dithmenos [******]
Gold: 1261          SH:  0    Dex: 25    Spells: 10/13 levels left

rFire   . . .      SeeInvis .   a - +3 shortbow (flame)
rCold   . . .      Faith    .   (shield currently unavailable)
rNeg    . . .      Spirit   .   x - +5 ring mail of the Sunfish {Dex+2}
rPois   +          Reflect  .   U - +2 hat {Int+3}
rElec   .          Harm     .   F - +2 cloak
rCorr   .          Rampage  .   M - +0 pair of gloves
Will    ++...      Rage     3%  I - +0 pair of boots
Stlth   +++++++...              z - amulet of the acrobat
HPRegen 0.25/turn               e - ring of poison resistance
MPRegen 0.14/turn               H - ring of willpower

@: paralysed, wreathed by umbra, studying Short Blades, lightly drained
A: small, no large weapons, nightstalker 3, iridescent scales 1, berserk 1,
deformed body, evolution 1, sturdy frame 1
a: Renounce Religion, Shadow Step, Shadow Form


You were on level 1 of the Elven Halls.
You worshipped Dithmenos.
Dithmenos was exalted by your worship.
You visited 6 branches of the dungeon, and saw 23 of its levels.
You also visited: Sewer and Ossuary.

You collected 1831 gold pieces.
You spent 570 gold pieces at shops.

Inventory:

Hand Weapons
 a - a +3 shortbow of flaming (weapon)
Missiles
 D - 17 boomerangs
Armour
 d - the +1 ring mail of the Ecumenical Temple {rElec rN+ Int+4}
   (You found it on level 1 of the Lair of Beasts)

   Int:       It affects your intelligence (+4).
   rElec:     It insulates you from electricity.
   rN:        It protects you from negative energy.
 x - the +5 ring mail of the Sunfish (worn) {Dex+2}
   (You found it on level 5 of the Dungeon)

   Dex:       It affects your dexterity (+2).
 F - a +2 cloak (worn)
 I - a +0 pair of boots (worn)
 M - a +0 pair of gloves (worn)
 U - a +2 hat of intelligence (worn)
Magical Staves
 y - a staff of air
Jewellery
 c - a ring of see invisible
 e - a ring of poison resistance (left hand)
 h - a ring of protection from cold
 p - a ring of fire
 q - a ring of protection from cold
 t - a ring of ice
 z - an amulet of the acrobat (around neck)
 A - an amulet of reflection
 H - a ring of willpower (right hand)
Wands
 l - a wand of digging (5)
 E - a wand of charming (11)
 J - a wand of polymorph (7)
Scrolls
 b - 3 scrolls of immolation
 i - 2 scrolls of vulnerability
 r - a scroll of poison
 C - a scroll of identify
 G - a scroll of torment
 L - 3 scrolls of teleportation
 R - a scroll of noise
Potions
 f - 4 potions of attraction
 g - 2 potions of flight
 j - 3 potions of mutation
 k - 3 potions of magic
 m - a potion of berserk rage
 n - 10 potions of ambrosia
 s - 2 potions of brilliance
 u - 4 potions of degeneration
 v - 6 potions of might
 w - 3 potions of cancellation
 B - a potion of resistance
 O - 2 potions of lignification
Miscellaneous
 K - a tin of tremorstones (2/2)


   Skills:
 + Level 15.7 Fighting
 + Level 20.7 Ranged Weapons
 + Level 7.5 Armour
 + Level 10.8 Dodging
 + Level 4.7 Stealth
 + Level 0.4 Shields
 + Level 3.3 Evocations


You had 10 spell levels left.
You knew the following spells:

 Your Spells              Type           Power      Damage    Failure   Level
a - Ozocubu's Armour      Ice            0%         N/A       80%         3

Your spell library contained the following spells:

 Spells                   Type           Power      Damage    Failure   Level
 Gell's Gravitas          Tloc           0%         N/A       80%         3
 Lesser Beckoning         Tloc           0%         N/A       80%         3
 Summon Guardian Golem    Hex/Summ       0%         N/A       80%         3
 Teleport Other           Tloc           0%         N/A       80%         3
 Tukima's Dance           Hex            0%         N/A       80%         3
 Leda's Liquefaction      Hex/Erth       0%         N/A       99%         4
 Passage of Golubria      Tloc           0%         N/A       99%         4
 Lee's Rapid Deconstruct  Erth           0%         3d5*      100%        5
 Yara's Violent Unravell  Hex/Tmut       0%         3d3       100%        5
 Statue Form              Tmut/Erth      0%         N/A       100%        6
 Orb of Destruction       Conj           0%         9d5       100%        7
 Ozocubu's Refrigeration  Ice            0%         4d5       100%        7
 Spellforged Servitor     Conj/Summ      0%         N/A       100%        7


Dungeon Overview and Level Annotations

Branches:
Dungeon (12/15)            Temple (1/1) D:6            Lair (6/6) D:10
 Shoals (0/4) Lair:4       Spider (0/4) Lair:3        Slime (1/5) Lair:5
    Orc (2/2) D:10            Elf (1/3) Orc:2         Sewer (visited)
Ossuary (visited)

Altars:
Ashenzari
Cheibriados
Dithmenos
Elyvilon
Fedhas
Gozag
Hepliaklqana
Kikubaaqudgha
Makhleb
Nemelex Xobeh
Okawaru
Qazlal
Ru
Sif Muna
Trog
Uskayaw
Vehumet
Wu Jian
Xom
Yredelemnul
Zin
The Shining One
Beogh
Jiyva

Shops:
Orc:2 !:??

Annotations:
D:12 Gastronok


Innate Abilities, Weirdness & Mutations

You are small and have problems with some larger weapons.
You are completely attuned to the shadows.
You are partially covered in iridescent scales. (AC +2)
You sometimes lose your temper in combat.
Armour fits poorly on your strangely shaped body.
You have hidden genetic potential.
Your movements are slightly less encumbered by armour. (ER -2)


Message History

You now have 1261 gold pieces (gained 26).
An orc sorcerer comes into view. It is wielding a +0 dagger.
You shoot an arrow.
The arrow barely misses the orc sorcerer.
The orc sorcerer shouts!
Your shadow shoots an arrow.
The arrow hits the orc sorcerer.
You shoot an arrow. The arrow hits the orc sorcerer.
The arrow burns the orc sorcerer.
The orc sorcerer is moderately wounded.
Your shadow shoots an arrow.
The arrow hits the orc sorcerer!
The orc sorcerer mumbles some strange words.
You shoot an arrow. The arrow misses the orc sorcerer.
Your shadow shoots an arrow.
The arrow hits the orc sorcerer but does no damage.
You shoot an arrow.
The arrow closely misses the orc sorcerer.
Your shadow shoots an arrow.
The arrow hits the orc sorcerer but does no damage.
The orc sorcerer points at you and mumbles some strange words.
The bolt of negative energy hits you!!
You feel drained.
You shoot an arrow. The arrow misses the orc sorcerer.
Your shadow shoots an arrow.
The arrow misses the orc sorcerer.
You shoot an arrow. The arrow hits the orc sorcerer.
The arrow burns the orc sorcerer.
The orc sorcerer is heavily wounded.
The orc sorcerer casts a spell at you. The bolt of fire misses you.
You shoot an arrow.
The arrow closely misses the orc sorcerer.
The orc sorcerer casts a spell at you. The bolt of fire hits you!!!
* * * LOW HITPOINT WARNING * * *
You emit a cloud of dark smoke.
You are too injured to fight recklessly!
The orc sorcerer points at you and mumbles some strange words.
You suddenly lose the ability to move!
The orc sorcerer hits you but does no damage.
The orc sorcerer points at you and mumbles some strange words.
The bolt of fire hits you!!
You die...

.. #.....## .#
###+#########.#
#.....#..§§@o3#
#.....#.)§§§§§#
+...<[)..§§§#§#
#.....#...§§#.#
#.....#.......#
###+########..#
#.....## ###


You could see a smoke demon (summoned) and an orc sorcerer.

Vanquished Creatures
  2 boulder beetles
  A hydra (Lair:6)
  A dancing weapon (Elf:1)
  A two-headed ogre (D:9)
  2 death yaks (Lair:6)
  An orc high priest (Elf:1)
  The ghost of dolemite99 the Skirmisher, a novice MiHu of Cheibriados (D:9)
  A deep elf zephyrmancer (Elf:1)
  3 orc knights
  A deep elf pyromancer (Elf:1)
  7 orc sorcerers (Orc:2)
  4 cyclopes
  3 oklob plants
  4 elephants (Lair:4)
  2 merfolk sirens (Lair:4)
  Joseph (D:8)
  3 black mambas (Lair:1)
  Psyche (D:8)
  An unseen horror (D:11)
  10 cane toads
  7 komodo dragons
  2 rime drakes
  3 meliai (Lair:6)
  A polar bear (Lair:4)
  4 trolls
  16 blink frogs
  2 slime creatures
  2 shadows
  A vampire (D:12)
  5 wyverns
  3 hogs (D:10)
  A jumping spider (Lair:3)
  63 yaks
  A human (D:10)
  Eustachio (D:6)
  2 steam dragons
  5 basilisks
  A redback (Lair:3)
  4 vampire mosquitoes
  7 wargs
  An acid dragon (D:11)
  8 water moccasins
  12 orc warriors
  An ice beast (D:7)
  2 sky beasts
  4 ogres
  2 centaurs (D:10)
  15 wolves
  2 phantoms
  2 kobold brigands
  9 bullfrogs
  A necrophage (D:6)
  A scorpion (D:4)
  4 wights (D:8)
  9 water moccasin zombies (Ossuary)
  45 killer bees
  2 electric eels (Lair:4)
  4 howler monkeys
  5 jellies
  7 hounds
  4 gnoll shamans
  11 orc priests
  39 orc wizards
  7 hell rats
  2 mummies (Ossuary)
  19 gnolls
  A river rat (D:5)
  9 adders
  2 shadow imps
  2 white imps
  2 ufetubi
  7 adder zombies (Ossuary)
  A worm (D:3)
  2 dart slugs (D:2)
  102 orcs
  7 bats
  7 endoplasms
  4 giant cockroaches
  6 goblins
  7 hobgoblins
  6 jackals
  12 kobolds
  2 quokkas
  6 ball pythons
  3 frilled lizards
  2 gnoll zombies (Ossuary)
  3 hobgoblin zombies (Ossuary)
  3 kobold zombies (Ossuary)
  2 orc zombies (Ossuary)
  8 rats
605 creatures vanquished.

Vanquished Creatures (collateral kills)
  A queen bee (Lair:6)
  3 killer bees (Lair:6)
4 creatures vanquished.

Vanquished Creatures (others)
  30 fungi
  108 plants
138 creatures vanquished.

Grand Total: 747 creatures vanquished

Notes
Turn   | Place    | Note
-------+----------+-------------------------------------------
     0 | D:1      | purpskrrrp the Kobold Hunter began the quest for the Orb.
     0 | D:1      | Reached XP level 1. HP: 12/12 MP: 1/1
   112 | D:1      | Reached XP level 2. HP: 18/18 MP: 2/2
   299 | D:1      | Found a faded altar of an unknown god.
   418 | D:1      | Reached skill level 6 in Ranged Weapons
   519 | D:1      | Reached XP level 3. HP: 22/22 MP: 3/3
   950 | D:1      | You fall into a shaft and drop 1 floor!
  1103 | D:2      | Reached XP level 4. HP: 20/27 MP: 4/4
  1719 | D:2      | You fall into a shaft and drop 1 floor!
  1727 | D:3      | Reached skill level 7 in Ranged Weapons
  1731 | D:3      | Reached XP level 5. HP: 32/32 MP: 5/5
  2088 | D:3      | Reached skill level 8 in Ranged Weapons
  2704 | D:3      | Reached XP level 6. HP: 37/37 MP: 6/6
  2810 | D:3      | Learned a level 3 spell: Ozocubu's Armour
  2875 | D:3      | Reached skill level 9 in Ranged Weapons
  2877 | D:3      | Reached XP level 7. HP: 24/41 MP: 7/7
  3410 | D:4      | Found a sand-covered staircase.
  3415 | Ossuary  | Entered an ossuary
  3436 | Ossuary  | Reached skill level 10 in Ranged Weapons
  3590 | Ossuary  | Reached skill level 11 in Ranged Weapons
  3590 | Ossuary  | Reached XP level 8. HP: 28/48 MP: 8/8
  4334 | D:4      | Reached skill level 12 in Ranged Weapons
  4720 | D:4      | Found a shadowy altar of Dithmenos.
  5142 | D:4      | Became a worshipper of Dithmenos the Shadowed
  5155 | D:5      | Entered Level 5 of the Dungeon
  5341 | D:5      | Found a bloodstained altar of Trog.
  5341 | D:5      | Found a sparkling altar of Nemelex Xobeh.
  5342 | D:5      | Found a basalt altar of Yredelemnul.
  5345 | D:5      | Found a white marble altar of Elyvilon.
  5345 | D:5      | Found an ancient bone altar of Kikubaaqudgha.
  5345 | D:5      | Found a shimmering altar of Xom.
  5415 | D:5      | Found an ancient bone altar of Kikubaaqudgha.
  5415 | D:5      | Found an iron altar of Okawaru.
  5415 | D:5      | Found a glowing golden altar of the Shining One.
  5585 | D:5      | Found a glowing drain.
  5591 | Sewer    | Entered a sewer
  5605 | Sewer    | Reached skill level 13 in Ranged Weapons
  5682 | Sewer    | Reached XP level 9. HP: 28/53 MP: 9/9
  6340 | D:5      | Identified the +5 ring mail of the Sunfish {Dex+2}
  6604 | D:5      | Found a snail-covered altar of Cheibriados.
  6636 | D:5      | Found a radiant altar of Vehumet.
  6696 | D:5      | Reached skill level 5 in Fighting
  7092 | D:6      | Found a staircase to the Ecumenical Temple.
  7167 | D:6      | Reached skill level 14 in Ranged Weapons
  7179 | D:6      | Reached * piety under Dithmenos
  7190 | D:6      | Noticed Eustachio
  7209 | D:6      | Killed Eustachio
  7603 | D:6      | Reached skill level 15 in Ranged Weapons
  7735 | Temple   | Entered the Ecumenical Temple
  8309 | D:7      | Reached skill level 1 in Armour
  8530 | D:7      | Reached XP level 10. HP: 60/60 MP: 10/10
  8801 | D:7      | Reached skill level 16 in Ranged Weapons
  9154 | D:8      | Reached ** piety under Dithmenos
  9158 | D:8      | Noticed Joseph
  9181 | D:8      | Killed Joseph
 10305 | D:8      | Noticed Psyche
 10313 | D:8      | Killed Psyche
 11053 | D:9      | Reached skill level 5 in Dodging
 11061 | D:9      | Reached XP level 11. HP: 26/71 MP: 11/11
 11275 | D:9      | Reached skill level 1 in Evocations
 11359 | D:9      | Reached *** piety under Dithmenos
 12195 | D:9      | Noticed a two-headed ogre
 12227 | D:9      | Killed a two-headed ogre
 12228 | D:9      | Reached skill level 10 in Fighting
 12316 | D:9      | Found a large runed translucent door.
 12317 | D:9      | Found a large runed translucent door.
 12335 | D:9      | Noticed dolemite99's ghost (novice MiHu)
 12348 | D:9      | Killed dolemite99's ghost
 12575 | D:10     | Entered Level 10 of the Dungeon
 12626 | D:10     | Reached skill level 5 in Armour
 13406 | D:10     | Found a staircase to the Lair.
 13408 | D:10     | Noticed an oklob plant
 13433 | D:10     | Killed an oklob plant
 13547 | D:10     | Reached **** piety under Dithmenos
 13575 | D:10     | Reached XP level 12. HP: 74/79 MP: 12/12
 13577 | D:10     | Identified the +1 ring mail "Roottargh" {Dex+4}
 13994 | D:10     | Found a staircase to the Orcish Mines.
 14111 | D:10     | Found a bloodstained altar of Trog.
 15287 | D:11     | Noticed a boulder beetle
 15307 | D:11     | Reached skill level 17 in Ranged Weapons
 16191 | D:12     | Noticed Gastronok
 17522 | Orc:1    | Entered Level 1 of the Orcish Mines
 18072 | Orc:2    | Entered Level 2 of the Orcish Mines
 18418 | Orc:2    | Found a staircase to the Elven Halls.
 18479 | Orc:2    | Paralysed by an orc sorcerer for 3 turns
 18564 | D:10     | Gained mutation: You sometimes lose your temper in combat.
                  | [potion of mutation]
 18564 | D:10     | Gained mutation: Armour fits poorly on your strangely
                  | shaped body. [potion of mutation]
 18564 | D:10     | Gained mutation: You have hidden genetic potential. [potion
                  | of mutation]
 18564 | D:10     | Gained mutation: Your movements are slightly less
                  | encumbered by armour. (ER -2) [potion of mutation]
 18640 | Lair:1   | Entered Level 1 of the Lair of Beasts
 18657 | D:10     | Reached XP level 13. HP: 55/87 MP: 13/13
 18969 | D:10     | Reached ***** piety under Dithmenos
 19959 | Lair:1   | Reached skill level 18 in Ranged Weapons
 20443 | Lair:1   | Identified the +1 ring mail of the Ecumenical Temple {rElec
                  | rN+ Int+4}
 21188 | Lair:2   | You fall into a shaft and drop 1 floor!
 21713 | Lair:2   | Gained mutation: You have great hidden genetic potential.
                  | [hidden potential]
 22736 | Lair:3   | Reached skill level 19 in Ranged Weapons
 22986 | Lair:3   | Found a hole to the Spider Nest.
 23965 | Lair:4   | Reached XP level 14. HP: 68/96 MP: 14/14
 24424 | Lair:4   | Found a staircase to the Shoals.
 25658 | Lair:5   | Found a viscous altar of Jiyva.
 26181 | Lair:5   | Found a staircase to the Slime Pits.
 27444 | Lair:6   | Entered Level 6 of the Lair of Beasts
 27466 | Lair:5   | Reached skill level 10 in Dodging
 27668 | Lair:6   | Reached skill level 20 in Ranged Weapons
 28169 | Lair:6   | Reached skill level 15 in Fighting
 28178 | Lair:6   | Gained mutation: You are partially covered in iridescent
                  | scales. (AC +2) [hidden potential]
 28178 | Lair:6   | Lost mutation: You have great hidden genetic potential.
                  | [hidden potential expressed]
 28998 | Slime:1  | Entered Level 1 of the Pits of Slime
 29026 | Slime:1  | Noticed an azure jelly
 29482 | Orc:2    | Found Hianem's Book Boutique.
 29485 | Orc:2    | Found Luceis's Distillery.
 29575 | Orc:2    | Reached ****** piety under Dithmenos
 29620 | Orc:2    | Found Mymmoiki's Magic Scroll Boutique.
 29634 | Orc:2    | Found Wotto Dib's Magic Scroll Shoppe.
 29639 | Orc:2    | Bought a scroll of enchant weapon for 90 gold pieces
 29649 | Orc:2    | Bought a scroll of poison for 42 gold pieces
 29649 | Orc:2    | Bought 3 scrolls of teleportation for 108 gold pieces
 29649 | Orc:2    | Bought a scroll of brand weapon for 240 gold pieces
 29649 | Orc:2    | Bought a scroll of enchant armour for 90 gold pieces
 30475 | Elf:1    | Entered Level 1 of the Elven Halls
 30575 | Elf:1    | Paralysed by an orc sorcerer for 4 turns
 30578 | Elf:1    | Killed from afar by an orc sorcerer

Illustrated notes

Levels and vault maps discovered:
D:1:      lemuel_arrival_funnel, layout_basic,
          shapermc_ecumenical_altar_notcrosses
D:2:      layout_basic
D:3:      layout_loops_ring, minmay_divided_ellipse
D:4:      layout_loops_ring, kennysheep_mini_moat,
          nicolae_ossuary_entry_false_entrances
D:5:      layout_basic, doesnt_xom_only_xom,
          gammafunk_temple_overflow_forgotten, mainiacjoe_overflow_two_lobes,
          gup_sewer_entry_bubbles
D:6:      layout_rooms, minmay_temple_entry_glass, uniq_eustachio
D:7:      layout_loops_ring
D:8:      layout_basic, enter_bailey_8, uniq_psyche, uniq_joseph
D:9:      nicolae_cairo_tiling_large, layout_basic, ebering_ghost_disaster_area
D:10:     layout_roguey, lemuel_tele_altar, dpeg_oklobed_lair,
          hiddenorc1_lemuel, corexii_corridor_pit, statue_in_the_mist_lemuel,
          minivault_25, kb_lookout_dungeons_type, grunt_livestock
D:11:     layout_loops_cross
D:12:     layout_basic, uniq_gastronok
Temple:   eino_temple_water
Lair:1:   layout_loops_ring
Lair:2:   layout_roguey, nicolae_lair_lil_pond, grunt_megastairs_5,
          serial_bayou_shore_b
Lair:3:   layout_roguey, spider_nest_entry_funnel_web
Lair:4:   layout_cave_pods, elwin_shoals_entry_rooms
Lair:5:   layout_cave_shapes, minmay_slime_entry_oklob_enclosed, st_stairs_13
Lair:6:   minmay_lair_end_frog_pond, layout_loops_ring, special_room
          [special_room_bee], lemuel_fruit_fields, uniq_snorg
Slime:1:  layout_caves, nicolae_slime_barrier
Orc:1:    layout_caves, mines2_david
Orc:2:    st_orc_town, layout_caves, serial_shops, bzr_entry_water, mines1_david
Elf:1:    minmay_elf_arrival_plus, layout_loops_corners, minmay_elf_demonology,
          uniq_roxanne

Skill      XL: |  1  2  3  4  5  6  7  8  9 10 11 12 13 14 |
---------------+-------------------------------------------+-----
Ranged Weapons | 6 7 8 9 11 13 15 16 17 19 20 | 20.7
Fighting       | 3 4 5 9 10 12 14 15 | 15.7
Dodging        | 3 5 6 8 9 10 | 10.8
Armour         | 1 3 5 6 7 |  7.5
Stealth        | 2 3 4 |  4.7
Evocations     | 2 3 |  3.3
Shields        | |  0.4

Action                   |  1- 3 |  4- 6 |  7- 9 | 10-12 | 13-15 || total
-------------------------+-------+-------+-------+-------+-------++-------
Melee: Shortbow          |       |       |     2 |     4 |       ||     6
 Fire: Shortbow          |    63 |   109 |   417 |   796 |  1133 ||  2518
Throw: Throwing net      |       |       |     1 |       |     2 ||     3
Evoke: Wand              |       |       |       |    19 |     9 ||    28
  Use: Scroll            |     3 |     4 |    10 |    16 |    17 ||    50
       Potion            |       |     1 |     1 |     7 |    13 ||    22
Armor: Leather armour    |     7 |     8 |    15 |       |       ||    30
       Ring mail         |       |       |    33 |   169 |   128 ||   330
Dodge: Dodged            |    23 |    45 |   149 |   502 |   764 ||  1483
Block: Other             |       |       |       |       |    21 ||    21

Table legend: (Time is in decaauts)
 A = Elapsed time spent in this place.
 B = Non-inter-level travel time spent in this place.
 C = Inter-level travel time spent in this place.
 D = Time resting spent in this place.
 E = Time spent auto-exploring this place.
 F = Levels seen in this place.
 G = Mean time per level.
                   A        B        C        D        E       F      G
               +--------+--------+--------+--------+--------+-----+--------+
         Total |  30310 |  26230 |   4080 |   9366 |  12719 |  25 | 1212.4 |
       Dungeon |  16879 |  14561 |   2318 |   4648 |   7785 |  12 | 1406.6 |
        Temple |    209 |    194 |     15 |      0 |    179 |   1 |  209.0 |
          Lair |   9984 |   8762 |   1222 |   3481 |   4079 |   6 | 1664.0 |
    Slime Pits |     28 |     12 |     16 |      0 |      0 |   1 |   28.0 |
  Orcish Mines |   1842 |   1334 |    508 |    395 |    503 |   2 |  921.0 |
   Elven Halls |     93 |     93 |      0 |     43 |      1 |   1 |   93.0 |
         Sewer |    414 |    414 |      0 |    165 |    125 |   1 |  414.0 |
       Ossuary |    857 |    857 |      0 |    633 |     47 |   1 |  857.0 |
               +--------+--------+--------+--------+--------+-----+--------+

Top non-repeatable levels by time:
  Lair:5: 2850 daAuts
    D:10: 2765 daAuts
     D:9: 2125 daAuts
  Lair:1: 2047 daAuts
  Lair:4: 1779 daAuts
     D:5: 1543 daAuts
     D:3: 1542 daAuts
     D:8: 1466 daAuts
    D:11: 1389 daAuts
   Orc:2: 1330 daAuts
  Lair:2: 1252 daAuts
     D:1: 1144 daAuts
     D:4: 1143 daAuts
     D:2: 1098 daAuts
  Lair:6: 1035 daAuts
